 Dungeon Crawl Stone Soup version 0.29.0 (webtiles) character file.

Game seed: 559890671568680641

66850 Renzlar the Blocker (level 15, 0/132 HPs)
             Began as a Gnoll Fighter on Aug 24, 2022.
             Was an Initiate of Okawaru.
             Slain by a troll (9 damage)
             ... on level 1 of the Orcish Mines.
             The game lasted 01:48:07 (27905 turns).

Renzlar the Blocker (Gnoll Fighter)                Turns: 27905, Time: 01:48:08

Health: 0/132      AC: 19    Str: 26    XL:     15   Next: 21%
Magic:  0/29       EV: 12    Int: 11    God:    Okawaru [......]
Gold:   1950       SH:  7    Dex: 14    Spells: 22/34 levels left

rFire   . . .      SeeInvis .   w - +10 rapier "Newtslayer" {elec, rPois rCorr Int+3 Stlth-}
rCold   . . .      Faith    .   A - +0 buckler
rNeg    . . .      Spirit   +   J - +0 swamp dragon scales
rPois   +          Reflect  .   (no helmet)
rElec   .          Harm     .   N - +0 cloak
rCorr   +          Rampage  .   i - +0 pair of gloves
Will    +....                   I - +0 pair of boots
Stlth   ++........              y - amulet of guardian spirit
HPRegen 0.32/turn               t - +4 ring of protection
MPRegen 0.21/turn               R - +6 ring of strength

@: silenced, grasped by roots, hasted, constricted, very quick
A: fangs 1, strong nose, distributed training, poison resistance, robust 1
a: Renounce Religion


You were on level 1 of the Orcish Mines.
You worshipped Okawaru.
Okawaru was noncommittal.
You visited 4 branches of the dungeon, and saw 18 of its levels.
You also visited: Trove and Sewer.

You collected 1950 gold pieces.

Inventory:

Hand Weapons
 a - a +0 war axe of venom
 c - a +3 sling of freezing
 d - a +2 scimitar of flaming
 e - a +2 flail of freezing
 m - the +2 dagger "Bicoz" {vorpal, rN+ Int+3}
   (You found it on level 2 of the Dungeon)

   It inflicts extra damage upon your enemies.
   Int:       It affects your intelligence (+3).
   rN:        It protects you from negative energy.
 w - the +10 rapier "Newtslayer" (weapon) {elec, rPois rCorr Int+3 Stlth-}
   (You found it in a treasure trove)

   It occasionally discharges a powerful burst of electricity upon striking a
   foe.
   Int:       It affects your intelligence (+3).
   rPois:     It protects you from poison.
   rCorr:     It protects you from acid and corrosion.
   Stlth:     It makes you less stealthy.
 L - a +0 broad axe
Missiles
 f - 44 poisoned darts
 B - 2 curare-tipped darts (quivered)
Armour
 b - the +1 crystal plate armour of Morality {-Cast rPois rC+ Will+}
   (You acquired it on level 8 of the Dungeon)

   rC:        It protects you from cold.
   rPois:     It protects you from poison.
   -Cast:     It prevents spellcasting.
   Will:      It increases your willpower.
 i - a +0 pair of gloves (worn)
 A - a +0 buckler (worn)
 I - a +0 pair of boots (worn)
 J - +0 swamp dragon scales (worn)
 N - a +0 cloak (worn)
Jewellery
 o - an amulet of magic regeneration
 p - a ring of flight
 t - a +4 ring of protection (left hand)
 u - a ring of wizardry
 y - an amulet of guardian spirit (around neck)
 z - a ring of willpower
 E - a ring of fire
 O - a ring of ice
 R - a +6 ring of strength (right hand)
Wands
 k - a wand of light (6)
 q - a wand of flame (21)
 r - a wand of mindburst (7)
 F - a wand of paralysis (22)
Scrolls
 l - 7 scrolls of magic mapping
 v - 11 scrolls of teleportation
 C - 2 scrolls of amnesia
 G - a scroll of fear
 K - 4 scrolls of poison
 M - 2 scrolls of blinking
Potions
 g - 4 potions of ambrosia
 h - a potion of haste
 j - 7 potions of curing
 n - 5 potions of lignification
 s - 2 potions of cancellation
 x - 3 potions of invisibility
 D - 6 potions of flight
 H - 3 potions of might
 Q - a potion of resistance


   Skills:
 + Level 12.1 Fighting
 + Level 10.2 Short Blades
 + Level 10.2 Long Blades
 + Level 11.2 Axes
 + Level 10.2 Maces & Flails
 + Level 10.2 Polearms
 + Level 10.2 Staves
 + Level 10.2 Ranged Weapons
 + Level 10.2 Throwing
 + Level 12.1 Armour
 + Level 10.2 Dodging
 + Level 10.2 Stealth
 + Level 12.1 Shields
 + Level 10.2 Unarmed Combat
 + Level 10.2 Spellcasting
 + Level 8.6 Conjurations
 + Level 8.6 Hexes
 + Level 8.6 Summonings
 + Level 8.6 Necromancy
 + Level 8.6 Translocations
 + Level 8.6 Transmutations
 + Level 8.6 Fire Magic
 + Level 8.6 Ice Magic
 + Level 8.6 Air Magic
 + Level 8.6 Earth Magic
 + Level 8.6 Poison Magic
 + Level 11.1 Invocations
 + Level 10.2 Evocations


You had 22 spell levels left.
You knew the following spells:

 Your Spells              Type           Power      Damage    Failure   Level
a - Ice Form              Ice/Tmut       24%        N/A       6%          4
b - Frozen Ramparts       Ice            48%        1d8       1%          3
c - Necrotise             Necr           96%        1d8       1%          1
d - Airstrike             Air            12%        2d(2-18)  6%          4

Your spell library contained the following spells:

 Spells                   Type           Power      Damage    Failure   Level
 Shock                    Conj/Air       96%        1d9       1%          1
 Portal Projectile        Hex/Tloc       48%        N/A       1%          3
 Swiftness                Air            24%        N/A       1%          3
 Vampiric Draining        Necr           24%        2d7       1%          3
 Hailstorm                Conj/Ice       24%        3d7       6%          4
 Leda's Liquefaction      Hex/Erth       12%        N/A       6%          4
 Agony                    Necr           24%        N/A       16%         5
 Blade Hands              Tmut           12%        N/A       16%         5
 Call Canine Familiar     Summ           Unusable   N/A       N/A         3
 Tukima's Dance           Hex            Unusable   N/A       N/A         3
 Summon Ice Beast         Ice/Summ       Unusable   N/A       N/A         4
 Simulacrum               Ice/Necr       Unusable   N/A       N/A         6

Dungeon Overview and Level Annotations

Branches:
Dungeon (11/15)            Temple (1/1) D:7            Lair (5/5) D:8
 Shoals (0/4) Lair:3        Snake (0/4) Lair:2        Slime (0/5) Lair:5
    Orc (1/2) D:11          Sewer (visited)

Altars:
Ashenzari
Cheibriados
Dithmenos
Elyvilon
Fedhas
Gozag
Hepliaklqana
Kikubaaqudgha
Makhleb
Nemelex Xobeh
Okawaru
Qazlal
Ru
Sif Muna
Trog
Uskayaw
Vehumet
Wu Jian
Xom
Yredelemnul
Zin
The Shining One
Jiyva

Shops:
D:4 ?   D:11 !

Annotations:
Orc:1 Jorgrun


Innate Abilities, Weirdness & Mutations

You have very sharp teeth.
Your uncanny sense of smell can sniff out nearby items.
Your experience applies equally to all skills.
Your system is resistant to poisons. (rPois)
You are robust. (+10% HP)


Message History

Jorgrun is heavily wounded.
Jorgrun is no longer moving slowly.
You block the troll's attack.
The troll claws you but does no damage. x2
Jorgrun hits you with a +0 vorpal quarterstaff!
The grasping roots constrict you!
You puncture Jorgrun! Your bite misses Jorgrun.
Jorgrun is heavily wounded.
The troll bites you! The troll claws you but does no damage.
The troll claws you!
You feel yourself speed up. Jorgrun hits you but does no damage.
The grasping roots constrict you!
* * * LOW HITPOINT WARNING * * *
The troll closely misses you. The troll completely misses you.
The troll claws you!
* * * LOW HITPOINT WARNING * * *
Unknown command.
You closely miss Jorgrun. Your bite misses Jorgrun.
Jorgrun is heavily wounded.
Jorgrun hits you with a +0 vorpal quarterstaff.
* * * LOW HITPOINT WARNING * * *
x2 The grasping roots constrict you!
* * * LOW HITPOINT WARNING * * *
Unknown command.
You puncture Jorgrun! Lightning courses through Jorgrun!
You bite Jorgrun, but do no damage.
Jorgrun is severely wounded.
You hit Jorgrun.
Jorgrun is almost dead.
The troll closely misses you. You block the troll's attack.
The troll claws you.
* * * LOW HITPOINT WARNING * * *
You block Jorgrun's attack. The grasping roots constrict you.
* * * LOW HITPOINT WARNING * * *
You miss Jorgrun.
Jorgrun is almost dead.
You closely miss Jorgrun. Your bite misses Jorgrun.
Jorgrun is almost dead.
Jorgrun looks more healthy.
You block the troll's attack. The troll barely misses you. The troll claws you!
You die...

§§§§ ###
§§§§.§§#
§§☼#§○§# #○§#§§#
#○§§§§ #○§§####
.. #gT§§☼§##
....
##@§#....###....
##§☼###....#...#
#☼§§○#........#
#§##§§§..##...#
§§§ #§○§#.#....#
#☼○
☼#####.....##
∆§§☼ #
##.....### .☼○§
##...##...# .
#.......###


You could see Jorgrun and a troll.

Vanquished Creatures
  Fannar (D:11)
  A boulder beetle (Lair:5)
  5 hydras
  An ice dragon (Lair:5)
  Erica (D:10)
  A catoblepas (Lair:4)
  3 two-headed ogres
  10 death yaks
  An orc high priest (Orc:1)
  Nergalle (D:11)
  Sonja (D:10)
  Lodul (D:11)
  3 lindwurms
  10 elephants
  2 cyclopes
  A manticore (Lair:3)
  5 black mambas
  Joseph (D:10)
  5 torpor snails (Lair:5)
  2 gargoyles
  21 cane toads
  3 rime drakes
  Maggie (D:8)
  18 komodo dragons
  9 polar bears (Lair:5)
  4 trolls
  A wind drake (Lair:3)
  A meliai (D:9)
  7 hornets
  3 tyrant leeches (Lair:5)
  A raiju (Lair:5)
  16 blink frogs
  A dream sheep (Lair:5)
  A shadow (D:9)
  33 yaks
  A wraith (D:10)
  5 wyverns
  2 basilisks
  A steam dragon (D:7)
  4 vampire mosquitoes (D:9)
  3 nagas (Lair:2)
  14 water moccasins
  16 hell hounds (Lair:5)
  5 wargs
  3 acid dragons
  11 orc warriors
  An ice beast (D:7)
  A sky beast (D:8)
  13 black bears
  13 ogres
  33 wolves
  11 centaurs
  3 kobold brigands
  14 bullfrogs
  2 scorpions
  3 necrophages
  A wyvern zombie (D:8)
  6 wights
  2 killer bees (D:9)
  2 howler monkeys
  4 centaur zombies (D:8)
  A human zombie (D:8)
  2 gnoll boudas
  4 hounds
  8 orc priests
  3 iguanas
  Ijyb (D:3)
  12 orc wizards
  A hell rat (D:7)
  2 howler monkey zombies (D:8)
  2 mummies (D:8)
  7 gnolls
  9 adders
  3 river rats
  2 white imps
  An ufetubus (D:5)
  3 worms
  3 dart slugs (D:1)
  70 orcs
  7 endoplasms
  6 giant cockroaches
  8 goblins
  11 hobgoblins
  A jackal (Sewer)
  7 quokkas
  7 ball pythons
  9 bats
  3 frilled lizards
  20 kobolds
  7 rats
  A bush (Lair:1)
571 creatures vanquished.

Vanquished Creatures (others)
  3 orcs (D:8)
  45 fungi
  65 plants
113 creatures vanquished.

Grand Total: 684 creatures vanquished

Notes
Turn   | Place    | Note
-------+----------+-------------------------------------------
     0 | D:1      | Renzlar the Gnoll Fighter began the quest for the Orb.
     0 | D:1      | Reached XP level 1. HP: 23/23 MP: 1/1
   255 | D:1      | Reached XP level 2. HP: 25/29 MP: 2/2
   645 | D:1      | Reached XP level 3. HP: 35/35 MP: 3/3
   700 | D:1      | Reached skill level 1 in Invocations
  1021 | D:2      | Reached skill level 1 in Short Blades
  1021 | D:2      | Reached skill level 1 in Long Blades
  1021 | D:2      | Reached skill level 1 in Maces & Flails
  1021 | D:2      | Reached skill level 1 in Polearms
  1021 | D:2      | Reached skill level 1 in Staves
  1021 | D:2      | Reached skill level 1 in Ranged Weapons
  1021 | D:2      | Reached skill level 1 in Throwing
  1021 | D:2      | Reached skill level 1 in Dodging
  1021 | D:2      | Reached skill level 1 in Stealth
  1021 | D:2      | Reached skill level 1 in Unarmed Combat
  1021 | D:2      | Reached skill level 1 in Spellcasting
  1021 | D:2      | Reached skill level 1 in Evocations
  1058 | D:2      | Reached XP level 4. HP: 41/41 MP: 5/5
  1091 | D:2      | Identified the +2 dagger "Bicoz" {vorpal, rN+ Int+3}
  1457 | D:3      | Reached skill level 1 in Conjurations
  1457 | D:3      | Reached skill level 1 in Hexes
  1457 | D:3      | Reached skill level 1 in Summonings
  1457 | D:3      | Reached skill level 1 in Necromancy
  1457 | D:3      | Reached skill level 1 in Translocations
  1457 | D:3      | Reached skill level 1 in Transmutations
  1457 | D:3      | Reached skill level 1 in Fire Magic
  1457 | D:3      | Reached skill level 1 in Ice Magic
  1457 | D:3      | Reached skill level 1 in Air Magic
  1457 | D:3      | Reached skill level 1 in Earth Magic
  1457 | D:3      | Reached skill level 1 in Poison Magic
  1457 | D:3      | Reached XP level 5. HP: 38/47 MP: 5/7
  1633 | D:3      | Found a faded altar of an unknown god.
  1635 | D:3      | Noticed a floating eye
  1635 | D:3      | Noticed a great orb of eyes
  1636 | D:3      | Noticed a shining eye
  1636 | D:3      | Noticed a great orb of eyes
  1686 | D:3      | Noticed Ijyb
  1701 | D:3      | Killed Ijyb
  2091 | D:3      | Noticed a centaur
  2100 | D:3      | Killed a centaur
  2101 | D:3      | Reached skill level 5 in Axes
  2101 | D:3      | Reached XP level 6. HP: 48/53 MP: 7/9
  2808 | D:3      | Found a hazy altar of Hepliaklqana.
  2809 | D:3      | Found an ancient bone altar of Kikubaaqudgha.
  2985 | D:4      | Found Zytuesk's Magic Scroll Emporium.
  3062 | D:4      | Noticed a black bear
  3072 | D:4      | Killed a black bear
  3073 | D:4      | Reached XP level 7. HP: 47/60 MP: 10/10
  3545 | D:4      | Found a radiant altar of Vehumet.
  3743 | D:5      | Entered Level 5 of the Dungeon
  3916 | D:5      | Reached XP level 8. HP: 51/67 MP: 12/12
  4016 | D:5      | Found a sacrificial altar of Ru.
  4401 | D:6      | Found a glowing drain.
  4415 | Sewer    | Entered a sewer
  4593 | Sewer    | Found a white marble altar of Elyvilon.
  4798 | D:6      | Found an ornate altar of the Wu Jian Council.
  5141 | D:6      | Reached XP level 9. HP: 54/73 MP: 9/14
  5786 | D:7      | Found a sparkling altar of Nemelex Xobeh.
  5861 | D:7      | Found a shadowy altar of Dithmenos.
  6400 | D:7      | Found a staircase to the Ecumenical Temple.
  6411 | Temple   | Entered the Ecumenical Temple
  7094 | D:7      | Reached skill level 5 in Invocations
  7556 | D:8      | Reached skill level 5 in Short Blades
  7556 | D:8      | Reached skill level 5 in Long Blades
  7556 | D:8      | Reached skill level 5 in Maces & Flails
  7556 | D:8      | Reached skill level 5 in Polearms
  7556 | D:8      | Reached skill level 5 in Staves
  7556 | D:8      | Reached skill level 5 in Ranged Weapons
  7556 | D:8      | Reached skill level 5 in Throwing
  7556 | D:8      | Reached skill level 5 in Dodging
  7556 | D:8      | Reached skill level 5 in Stealth
  7556 | D:8      | Reached skill level 5 in Unarmed Combat
  7556 | D:8      | Reached skill level 5 in Spellcasting
  7556 | D:8      | Reached skill level 5 in Evocations
  7556 | D:8      | Reached XP level 10. HP: 75/81 MP: 15/17
  7590 | D:8      | Found a basalt altar of Yredelemnul.
  7697 | D:8      | Noticed Maggie
  7719 | D:8      | Killed Maggie
  8367 | D:8      | Noticed a death yak
  8492 | D:8      | Noticed a death yak
  8508 | D:7      | Killed a death yak
  8761 | D:8      | Noticed a death yak
  8778 | D:7      | Killed a death yak
  8969 | D:7      | Killed a death yak
  9271 | D:8      | Found a staircase to the Lair.
  9877 | D:8      | Identified a scroll of acquirement
  9877 | D:8      | Acquired the +1 crystal plate armour of Morality {-Cast
                  | rPois rC+ Will+}
  9921 | D:9      | Reached skill level 5 in Conjurations
  9921 | D:9      | Reached skill level 5 in Hexes
  9921 | D:9      | Reached skill level 5 in Summonings
  9921 | D:9      | Reached skill level 5 in Necromancy
  9921 | D:9      | Reached skill level 5 in Translocations
  9921 | D:9      | Reached skill level 5 in Transmutations
  9921 | D:9      | Reached skill level 5 in Fire Magic
  9921 | D:9      | Reached skill level 5 in Ice Magic
  9921 | D:9      | Reached skill level 5 in Air Magic
  9921 | D:9      | Reached skill level 5 in Earth Magic
  9921 | D:9      | Reached skill level 5 in Poison Magic
  9942 | D:9      | Reached XP level 11. HP: 36/86 MP: 10/20
 10657 | D:9      | Gained mutation: Your system is resistant to poisons.
                  | (rPois) [potion of mutation]
 10657 | D:9      | Gained mutation: You are robust. (+10% HP) [potion of
                  | mutation]
 10694 | D:9      | Noticed a two-headed ogre
 10701 | D:9      | Killed a two-headed ogre
 11118 | D:9      | Found an iron altar of Okawaru.
 11125 | D:9      | Became a worshipper of Warmaster Okawaru
 11355 | D:9      | Found a basalt altar of Yredelemnul.
 11400 | D:9      | Found a glowing golden altar of the Shining One.
 11619 | D:9      | Found a large runed translucent door.
 11620 | D:9      | Found a large runed translucent door.
 11631 | D:9      | Found a white marble altar of Elyvilon.
 11741 | D:9      | Found a blossoming altar of Fedhas.
 11840 | D:10     | Entered Level 10 of the Dungeon
 11858 | D:10     | Reached * piety under Okawaru
 11962 | D:10     | Noticed Erica
 12011 | D:10     | Killed Erica
 12232 | Lair:1   | Entered Level 1 of the Lair of Beasts
 12243 | D:8      | Reached ** piety under Okawaru
 12553 | Lair:1   | Noticed a five-headed hydra
 12842 | D:8      | Killed a one-headed hydra
 13120 | Lair:1   | Learned a level 4 spell: Ice Form
 13135 | Lair:1   | Reached XP level 12. HP: 106/106 MP: 19/22
 13516 | Lair:1   | Reached *** piety under Okawaru
 14179 | Lair:1   | Reached skill level 10 in Fighting
 14179 | Lair:1   | Reached skill level 10 in Armour
 14179 | Lair:1   | Reached skill level 10 in Shields
 14500 | Lair:1   | Reached **** piety under Okawaru
 15570 | Lair:2   | Found a staircase to the Snake Pit.
 16108 | Lair:2   | Learned a level 3 spell: Frozen Ramparts
 16509 | Lair:3   | Reached XP level 13. HP: 92/114 MP: 20/25
 16942 | Lair:3   | Reached ***** piety under Okawaru
 17229 | Lair:3   | Found a staircase to the Shoals.
 18973 | Lair:4   | Received a gift from Okawaru
 19790 | Lair:5   | Entered Level 5 of the Lair of Beasts
 20160 | Lair:4   | Reached skill level 10 in Axes
 20446 | Lair:5   | Received a gift from Okawaru
 20737 | Lair:5   | Reached XP level 14. HP: 108/124 MP: 27/27
 20769 | Lair:5   | Reached skill level 10 in Invocations
 20993 | Lair:5   | Received a gift from Okawaru
 21363 | Lair:5   | Received a gift from Okawaru
 21924 | Lair:5   | Learned a level 1 spell: Necrotise
 22311 | Lair:5   | Identified the +9 great mace "Dautsuczont" {vorpal, Dex+8}
                  | (Okawaru gifted it to you on level 5 of the Lair of Beasts)
 22311 | Lair:5   | Received a gift from Okawaru
 23345 | Lair:5   | Upgraded the game from 0.29-b1-12-g9e2288ab2a to 0.29.0
 23350 | Lair:5   | Learned a level 4 spell: Airstrike
 23508 | Lair:5   | Found a viscous altar of Jiyva.
 23509 | Lair:5   | Found a staircase to the Slime Pits.
 23706 | Lair:5   | Received a gift from Okawaru
 23762 | Lair:5   | Found a runed translucent door.
 24509 | Lair:5   | Identified the +3 buckler "Affoadio" {-Cast Dex+8 SInv}
                  | (Okawaru gifted it to you on level 5 of the Lair of Beasts)
 24509 | Lair:5   | Received a gift from Okawaru
 25583 | D:10     | Reached skill level 10 in Short Blades
 25583 | D:10     | Reached skill level 10 in Long Blades
 25583 | D:10     | Reached skill level 10 in Maces & Flails
 25583 | D:10     | Reached skill level 10 in Polearms
 25583 | D:10     | Reached skill level 10 in Staves
 25583 | D:10     | Reached skill level 10 in Ranged Weapons
 25583 | D:10     | Reached skill level 10 in Throwing
 25583 | D:10     | Reached skill level 10 in Dodging
 25583 | D:10     | Reached skill level 10 in Stealth
 25583 | D:10     | Reached skill level 10 in Unarmed Combat
 25583 | D:10     | Reached skill level 10 in Spellcasting
 25583 | D:10     | Reached skill level 10 in Evocations
 25673 | D:10     | Noticed Joseph
 25693 | D:10     | Killed Joseph
 25950 | D:10     | Found a glowing golden altar of the Shining One.
 26009 | D:10     | Noticed Sonja
 26022 | D:10     | Killed Sonja
 26307 | D:10     | Found a portal to a secret trove of treasure.
 26314 | Trove    | Entered a treasure trove
 26332 | Trove    | Identified the +5 battleaxe "Beq Wiy" {antimagic, rN+}
 26333 | Trove    | Identified the +1 executioner's axe "Deubor" {vorpal, Will+
                  | Int+6}
 26346 | Trove    | Identified the +10 triple sword of Yquef {freeze, Str+2
                  | Dex+2}
 26349 | Trove    | Identified the +9 halberd "Xiqith" {flame, rF++}
 26367 | Trove    | Identified the +10 rapier "Newtslayer" {elec, rPois rCorr
                  | Int+3 Stlth-}
 26377 | Trove    | Identified the +2 executioner's axe of Bloody Death {venom,
                  | rF+++ Will- Dex+4}
 26497 | D:11     | Found Konymyatz's Distillery.
 26514 | D:11     | Noticed Nergalle
 26523 | D:11     | Reached XP level 15. HP: 122/132 MP: 27/29
 26524 | D:11     | Noticed Fannar
 26530 | D:11     | Killed Nergalle
 26568 | D:11     | Killed Fannar
 26764 | D:11     | Noticed Lodul
 26778 | D:11     | Killed Lodul
 27191 | D:11     | Found a staircase to the Orcish Mines.
 27555 | Orc:1    | Entered Level 1 of the Orcish Mines
 27883 | Orc:1    | Noticed Jorgrun
 27905 | Orc:1    | Slain by a troll

Illustrated notes

Levels and vault maps discovered:
D:1:      minmay_arrival_doors, layout_basic, hangedman_decor_lopped,
          minmay_split_cup_small
D:2:      layout_rooms
D:3:      layout_basic, minitemple, hellmonk_ecumenical_altar_watching_god,
          kennysheep_boxes, uniq_ijyb
D:4:      layout_loops_cross, lemuel_crystal_altar, serial_shops,
          nicolae_shop_hallway_stairs, grunt_decor_one_mirror,
          kennysheep_flooded_box, dk_noncrumbling_3
D:5:      layout_rooms, kennysheep_mini_moat
D:6:      layout_basic, nzn_wu_jian_contemplation, portal_sewer_entry_f,
          serial_park_tiny_2
D:7:      layout_layer_cave, mainiacjoe_overflow_brackets,
          nicolae_dithmenos_the_darkroom, minmay_temple_entry_antechambers,
          grunt_decor_resistance
D:8:      layout_cave_pods, lemuel_mausoleum_altar_yredelemnul,
          dpeg_lair_monsters, special_room [special_room_orc], uniq_maggie
D:9:      layout_irregular_city, nicolae_overflow_crystal_walls,
          jmf_multi_god_temple2, hangedman_feature_mirror
D:10:     layout_cave_pools, nicolae_tso_swordbearing_angel, enter_trove_3,
          chequers_serial_rivers_room_b, uniq_joseph, uniq_sonja, uniq_erica
D:11:     old_forge, layout_rooms, hiddenorc1_lemuel, serial_shops,
          nicolae_shop_hallway_stairs, minmay_unpleasant_kobolds, uniq_nergalle,
          uniq_fannar, uniq_lodul
Temple:   eino_wide_crystal_templ
Lair:1:   layout_loops_ring, grunt_megastairs_1, serial_bayou_shore_b
Lair:2:   layout_big_grid, guppyfry_snake_entry_garden, st_stairs_3,
          grunt_megastairs_2, serial_bayou_shore_b, infiniplex_staircase_pool
Lair:3:   layout_chaotic_city, minmay_shoals_entry_beasts
Lair:4:   layout_small_grid, beast_lair_carwin_8
Lair:5:   hangedman_lair_caniforms_friends, layout_cave_shapes, wormcave,
          dpeg_slime_entry_enclosed, lemuel_fruit_tree, grunt_megastairs_5
Orc:1:    cheibrodos_orc_guarddog, layout_diamond_mine, led_sif_book,
          uniq_jorgrun

Skill      XL: |  1  2  3  4  5  6  7  8  9 10 11 12 13 14 15 |
---------------+----------------------------------------------+-----
Invocations    | 1 2 3 4 5 6 7 8 9 10 11 | 11.1
Short Blades   | 1 2 3 5 6 7 8 9 10 | 10.2
Long Blades    | 1 2 3 5 6 7 8 9 10 | 10.2
Maces & Flails | 1 2 3 5 6 7 8 9 10 | 10.2
Polearms       | 1 2 3 5 6 7 8 9 10 | 10.2
Staves         | 1 2 3 5 6 7 8 9 10 | 10.2
Ranged Weapons | 1 2 3 5 6 7 8 9 10 | 10.2
Throwing       | 1 2 3 5 6 7 8 9 10 | 10.2
Dodging        | 1 2 3 5 6 7 8 9 10 | 10.2
Stealth        | 1 2 3 5 6 7 8 9 10 | 10.2
Unarmed Combat | 1 2 3 5 6 7 8 9 10 | 10.2
Spellcasting   | 1 2 3 5 6 7 8 9 10 | 10.2
Evocations     | 1 2 3 5 6 7 8 9 10 | 10.2
Conjurations   | 1 2 3 4 5 6 7 8 |  8.6
Hexes          | 1 2 3 4 5 6 7 8 |  8.6
Summonings     | 1 2 3 4 5 6 7 8 |  8.6
Necromancy     | 1 2 3 4 5 6 7 8 |  8.6
Translocations | 1 2 3 4 5 6 7 8 |  8.6
Transmutations | 1 2 3 4 5 6 7 8 |  8.6
Fire Magic     | 1 2 3 4 5 6 7 8 |  8.6
Ice Magic      | 1 2 3 4 5 6 7 8 |  8.6
Air Magic      | 1 2 3 4 5 6 7 8 |  8.6
Earth Magic    | 1 2 3 4 5 6 7 8 |  8.6
Poison Magic   | 1 2 3 4 5 6 7 8 |  8.6
Axes           | 5 6 7 8 9 10 11 | 11.2
Fighting       | 7 8 9 10 11 12 | 12.1
Armour         | 7 8 9 10 11 12 | 12.1
Shields        | 7 8 9 10 11 12 | 12.1

Action                   |  1- 3 |  4- 6 |  7- 9 | 10-12 | 13-15 || total
-------------------------+-------+-------+-------+-------+-------++-------
Melee: War axe           |   101 |    91 |   319 |   422 |   685 ||  1618
       Bite              |     6 |    15 |    45 |    76 |   179 ||   321
       Dagger            |       |    19 |       |       |       ||    19
       Broad axe         |       |       |       |    66 |       ||    66
       Mace              |       |       |       |     2 |       ||     2
       Scimitar          |       |       |       |    86 |   114 ||   200
       Unarmed           |       |       |       |     3 |       ||     3
       Flail             |       |       |       |    69 |   209 ||   278
       Rapier            |       |       |       |       |   162 ||   162
 Fire: Sling             |       |       |       |   200 |   405 ||   605
Throw: Stone             |       |     2 |    10 |       |       ||    12
       Dart              |       |       |       |     1 |    11 ||    12
 Cast: Ice Form          |       |       |       |     1 |       ||     1
       Necrotise         |       |       |       |       |     8 ||     8
       Frozen Ramparts   |       |       |       |       |     7 ||     7
       Airstrike         |       |       |       |       |     2 ||     2
Invok: Heroism           |       |       |       |     1 |     6 ||     7
       Finesse           |       |       |       |       |     1 ||     1
  Use: Scroll            |     4 |     2 |     9 |     8 |     7 ||    30
       Potion            |       |       |       |     6 |     5 ||    11
 Stab: Invisible         |       |       |       |       |     2 ||     2
       Sleeping          |       |       |       |       |     3 ||     3
Armor: Scale mail        |    54 |    44 |    65 |       |       ||   163
       Chain mail        |       |       |   110 |    20 |       ||   130
       Swamp dragon scal |       |       |       |   130 |   157 ||   287
       Crystal plate arm |       |       |       |   374 |   562 ||   936
       Skin              |       |       |       |     1 |    13 ||    14
Dodge: Dodged            |    40 |    46 |   123 |   291 |   450 ||   950
Block: Buckler           |    34 |    15 |    94 |   241 |   423 ||   807
